 Dungeon Crawl Stone Soup version 0.29.0 (webtiles) character file.

Game seed: 556339583825343764

2498 zenocrate the Martial Artist (level 9, 0/71 HPs)
             Began as an Octopode Transmuter on Aug 25, 2022.
             Was a Plaything of Xom.
             Slain by a fire bat (1 damage)
             ... on level 4 of the Dungeon.
             The game lasted 00:09:48 (6788 turns).

zenocrate the Martial Artist (Octopode Transmuter)  Turns: 6788, Time: 00:09:49

Health: 0/71       AC:  1    Str:  9    XL:     9   Next: 52%
Magic:  10/12      EV: 17    Int: 16    God:    Xom [*.....]
Gold:   67         SH:  0    Dex: 12    Spells: 2/12 levels left

rFire   . . .      SeeInvis .     - Unarmed
rCold   . . .      Faith    .   (no shield)
rNeg    . . .      Spirit   .   (helmet currently unavailable)
rPois   .          Reflect  .   (no amulet)
rElec   .          Harm     .   l - +4 ring of evasion
rCorr   .          Rampage  .   (no ring)
Will    .....      Clarity  +   (no ring)
Stlth   +++.......              (no ring)
HPRegen 0.21/turn               (no ring)
MPRegen 0.13/turn               (no ring)
                                (no ring)
                                (no ring)

@: appendages, wereblooded
A: tentacle spike 3, almost no armour, amphibious, 8 rings, camouflage 1,
gelatinous body 1, (nimble swimmer 1), tentacles, antennae 1, clarity, clumsy 1,
weak 1
a: End Transformation, Renounce Religion


You were on level 4 of the Dungeon.
You worshipped Xom.
You were a special plaything of Xom.
One of your tentacles had grown a beastly spike.
You visited 1 branch of the dungeon, and saw 5 of its levels.
You also visited: Sewer.

You collected 179 gold pieces.
You spent 112 gold pieces at shops.

Inventory:

Hand Weapons
 a - a +2 shortbow of flaming
 x - the +7 spear of Superiority {elec, Dex+2}
   (You found it on level 2 of the Dungeon)

   It occasionally discharges a powerful burst of electricity upon striking a
   foe.
   Dex:       It affects your dexterity (+2).
Missiles
 j - a throwing net
 n - 2 atropa-tipped darts
Jewellery
 l - a +4 ring of evasion (left tentacle)
 o - a +6 ring of intelligence
 y - a +4 ring of slaying
Scrolls
 c - 2 scrolls of blinking {unknown}
 d - 2 scrolls of enchant weapon {unknown}
 f - a scroll of vulnerability {unknown}
 g - 3 scrolls of teleportation
 h - a scroll of magic mapping {unknown}
 i - 2 scrolls of immolation {unknown}
 m - a scroll of summoning {unknown}
 s - a scroll of fog {unknown}
 t - a scroll of poison {unknown}
 w - a scroll of noise {unknown}
 A - a scroll of amnesia {unknown}
Potions
 b - a potion of attraction
 e - 2 potions of brilliance
 k - a potion of flight
 q - 3 potions of mutation
 r - a potion of invisibility {unknown}
 u - 2 potions of haste
 v - a potion of cancellation {unknown}
 z - 2 potions of curing


   Skills:
 + Level 10.4 Fighting
 - Level 2.0 Dodging
 + Level 2.2 Stealth
 - Level 10.8 Unarmed Combat
 - Level 2.0 Spellcasting
 - Level 9.3 Transmutations
 - Level 2.2 Poison Magic


You had 2 spell levels left.
You knew the following spells:

 Your Spells              Type           Power      Damage    Failure   Level
a - Beastly Appendage     Tmut           62%        N/A       1%          1
b - Wereblood             Tmut           31%        N/A       1%          2
c - Spider Form           Tmut/Pois      20%        N/A       6%          3
d - Ice Form              Ice/Tmut       16%        N/A       30%         4

Your spell library contained the following spells:

 Spells                   Type           Power      Damage    Failure   Level
 Sting                    Tmut/Pois      80%        1d7       1%          1
 Summon Small Mammal      Summ           4%         N/A       21%         1
 Poisonous Vapours        Pois/Air       10%        N/A       21%         2
 Call Canine Familiar     Summ           1%         N/A       52%         3
 Summon Guardian Golem    Hex/Summ       1%         N/A       52%         3
 Olgreb's Toxic Radiance  Pois           8%         N/A       63%         4
 Manifold Assault         Tloc           1%         N/A       99%         5
 Haunt                    Necr/Summ      0%         N/A       100%        7
 Summon Horrible Things   Summ           0%         N/A       100%        8


Dungeon Overview and Level Annotations

Branches:
Dungeon (5/15)              Sewer (visited)
 Temple: D:4-7

Altars:
Nemelex Xobeh
Xom
The Shining One

Shops:
D:3 (   D:4 !

Annotations:
D:4 Ijyb
D:5 Pikel


Innate Abilities, Weirdness & Mutations

One of your tentacles has grown a beastly spike.
You cannot wear most types of armour.
You are amphibious.
You can wear up to eight rings at the same time.
Your skin changes colour to match your surroundings (Stealth+).
Your rubbery body absorbs attacks. (AC +1, EV +1)
((You are camouflaged when in or above water. (Stealth+)))
You have tentacles for arms and can constrict up to eight enemies at once.
You have a pair of small antennae on your head.
You possess an exceptional clarity of mind.
You are clumsy. (Dex -2)
You are weak. (Str -2)


Message History

Casting: Wereblood (safe; 1% risk of failure)
Confirm with . or Enter, or press ? or * to list all spells.
One of your tentacles grows a vicious spike.
You climb downwards.
Level annotation: Ijyb, Pikel The lemure completely misses you.
The ice beast barely misses you. The lemure misses you.
The ice beast completely misses you.
There is a stone staircase leading up here.
The lemure hits you but does no damage. The ice beast closely misses you.
Ijyb zaps a wand.
You easily resist.
You climb upwards.
There is a stone staircase leading down, spattered with blood here.
The lemure attacks as you move away! The lemure hits you!
Ijyb hits you with a +0 club of chaos. The ice beast attacks as you move away!
The ice beast hits you. The ice beast freezes you!
The lemure closely misses you. The ice beast attacks as you move away!
The ice beast hits you. The ice beast freezes you!
You hear Xom's avuncular chuckle.
The ice beast evaporates and reforms as a fire bat!
The fire bat bites you.
* * * LOW HITPOINT WARNING * * *
You are engulfed in flames.
* * * LOW HITPOINT WARNING * * *
Ijyb attacks as you move away! Ijyb closely misses you.
The fire bat attacks as you move away! The fire bat bites you.
* * * LOW HITPOINT WARNING * * *
You are engulfed in flames.
* * * LOW HITPOINT WARNING * * *
The fire bat closely misses you. The fire bat bites you.
* * * LOW HITPOINT WARNING * * *
You are engulfed in flames!
* * * LOW HITPOINT WARNING * * *
The fire bat bites you but does no damage.
The lemure attacks as you move away! The lemure misses you.
The fire bat attacks as you move away! The fire bat barely misses you.
The fire bat completely misses you. The fire bat bites you.
You die...
Xom titters!

### ### ### #.#
###.########.####### #<#
#.#........#........
###.########.#.######.#.#######
#............#.# #.#.#
#.#.########.#.# #.#.#######
#.#.###### #.#@# #.#........
#.#......###'#b## ###.#...####.
#.#......##..5..# #.........#..
#.#......##...g.# #.........#..
#.#......>......# #.........#..
#.#......###....# #.........#..
#.#....)).......# #.........#..
#.#.............###......<..#..
#.#...........>.............#..


You could see a lemure, Ijyb and a fire bat.

Vanquished Creatures
  Sigmund (D:2)
  A chaos spawn (D:4)
  2 lemures (D:4)
  A phantom (D:5)
  2 kobold brigands (Sewer)
  A scorpion (D:3)
  A jelly (D:4)
  A hound (D:5)
  2 iguanas (D:4)
  4 gnolls (D:5)
  6 river rats (Sewer)
  6 adders
  A shadow imp (D:5)
  An ufetubus (D:4)
  2 worms
  A dart slug (D:2)
  5 orcs
  7 endoplasms
  4 giant cockroaches
  9 goblins
  9 hobgoblins
  4 jackals (D:2)
  17 kobolds
  4 quokkas
  8 ball pythons
  5 frilled lizards
  23 rats
128 creatures vanquished.

Vanquished Creatures (others)
  14 plants
14 creatures vanquished.

Grand Total: 142 creatures vanquished

Notes
Turn   | Place    | Note
-------+----------+-------------------------------------------
     0 | D:1      | zenocrate the Octopode Transmuter began the quest for the
                  | Orb.
     0 | D:1      | Reached XP level 1. HP: 13/13 MP: 3/3
   274 | D:1      | Reached skill level 1 in Stealth
   534 | D:1      | Reached XP level 2. HP: 18/18 MP: 3/5
   537 | D:1      | Learned a level 2 spell: Wereblood
   898 | D:1      | Found a faded altar of an unknown god.
  1161 | D:1      | Prayed at the altar of an unknown god.
  1161 | D:1      | Became a worshipper of Xom the Less-Predictable
  1227 | D:1      | XOM: silly message
  1268 | D:1      | XOM: silly message
  1346 | D:2      | XOM: silly message
  1454 | D:2      | Reached XP level 3. HP: 22/24 MP: 2/6
  1584 | D:2      | Learned a level 3 spell: Spider Form
  1953 | D:2      | XOM: divination: detect creatures
  2078 | D:2      | XOM: 4-stop teleportation journey
  2388 | D:2      | Noticed Sigmund
  2400 | D:2      | XOM: enchant monster (good)
  2418 | D:2      | Killed Sigmund
  2419 | D:2      | Reached XP level 4. HP: 9/33 MP: 7/7
  2419 | D:2      | Reached XP level 5. HP: 10/37 MP: 8/8
  2453 | D:2      | Reached skill level 5 in Unarmed Combat
  2785 | D:2      | Identified the +7 spear of Superiority {elec, Dex+2}
  2962 | D:2      | Reached XP level 6. HP: 43/43 MP: 5/9
  3301 | D:3      | XOM: scenery: summon butterflies
  3337 | D:3      | XOM: cloud trail
  3378 | D:3      | XOM: god gift: 2 atropa-tipped darts
  3499 | D:3      | Identified the +2 leather armour of Action {rC- Will+
                  | Str+5}
  3623 | D:3      | Found a glowing drain.
  3632 | Sewer    | Entered a sewer
  3753 | Sewer    | Reached skill level 1 in Poison Magic
  3822 | Sewer    | XOM: enchant monster (good)
  3876 | Sewer    | XOM: give mutations
  3876 | Sewer    | Gained mutation: Your body sometimes deteriorates upon
                  | taking damage. [Xom's mischief]
  3876 | Sewer    | Gained mutation: You occasionally shout uncontrollably at
                  | your foes. [Xom's mischief]
  3876 | Sewer    | Gained mutation: You frequently scream uncontrollably at
                  | your foes. [Xom's mischief]
  3876 | Sewer    | Gained mutation: You are weak. (Str -2) [Xom's mischief]
  4037 | Sewer    | XOM: give mutations
  4037 | Sewer    | Gained mutation: You expend magic power (3 MP) to
                  | strengthen your wands. [Xom's grace]
  4037 | Sewer    | Gained mutation: You are robust. (+10% HP) [Xom's grace]
  4037 | Sewer    | Gained mutation: You are partially covered in iridescent
                  | scales. (AC +2) [Xom's grace]
  4037 | Sewer    | Gained mutation: Your flesh is cold resistant. (rC+) [Xom's
                  | grace]
  4044 | Sewer    | XOM: blink monster(s)
  4049 | Sewer    | XOM: polymorph ball python -> river rat
  4159 | Sewer    | Reached XP level 7. HP: 53/53 MP: 6/10
  4486 | D:3      | Got the Teachings on Generative Peregrination
  4652 | D:3      | Found Xuhos's Weapon Shoppe.
  4658 | D:3      | Learned a level 4 spell: Ice Form
  4701 | D:3      | Reached skill level 5 in Fighting
  4979 | D:4      | XOM: confusion
  5031 | D:4      | Found Lehian's Distillery.
  5046 | D:4      | Bought a potion of mutation for 112 gold pieces
  5139 | D:4      | Reached skill level 10 in Fighting
  5139 | D:4      | Reached XP level 8. HP: 71/71 MP: 7/11
  5140 | D:4      | Reached skill level 10 in Unarmed Combat
  5140 | D:4      | Reached XP level 9. HP: 78/78 MP: 8/12
  5687 | D:4      | XOM: give mutations
  5687 | D:4      | Gained mutation: You passively map a small area around you.
                  | [Xom's mischief]
  5687 | D:4      | Gained mutation: You are clumsy. (Dex -2) [Xom's mischief]
  5687 | D:4      | Lost mutation: Your body sometimes deteriorates upon taking
                  | damage. [Xom's mischief]
  6003 | D:4      | Found a sparkling altar of Nemelex Xobeh.
  6008 | D:4      | Found a glowing golden altar of the Shining One.
  6055 | D:4      | XOM: give mutations
  6055 | D:4      | Lost mutation: You are partially covered in iridescent
                  | scales. (AC +2) [Xom's mischief]
  6055 | D:4      | Lost mutation: You are robust. (+10% HP) [Xom's mischief]
  6055 | D:4      | Lost mutation: You passively map a small area around you.
                  | [Xom's mischief]
  6055 | D:4      | Lost mutation: You expend magic power (3 MP) to strengthen
                  | your wands. [Xom's mischief]
  6130 | D:5      | Entered Level 5 of the Dungeon
  6163 | D:5      | XOM is BORED!
  6163 | D:5      | XOM: 2-stop teleportation journey
  6225 | D:5      | XOM: enchant monster (good)
  6298 | D:5      | Noticed Ijyb
  6300 | D:5      | Noticed Pikel
  6301 | D:5      | XOM: chaos upgrade
  6306 | D:5      | XOM: cast spell 'Disjunction'
  6411 | D:4      | XOM: polymorph lemure -> chaos spawn
  6414 | D:4      | XOM: swap monsters
  6538 | D:4      | XOM: smoke on damage
  6538 | D:4      | XOM: torment (21/71 hp)
  6773 | D:4      | Lost mutation: You frequently scream uncontrollably at your
                  | foes. [potion of mutation]
  6773 | D:4      | Lost mutation: You occasionally shout uncontrollably at
                  | your foes. [potion of mutation]
  6773 | D:4      | Lost mutation: Your flesh is cold resistant. (rC+) [potion
                  | of mutation]
  6773 | D:4      | Gained mutation: You possess an exceptional clarity of
                  | mind. [potion of mutation]
  6773 | D:4      | Gained mutation: You have a pair of small antennae on your
                  | head. [potion of mutation]
  6783 | D:4      | XOM: polymorph ice beast -> fire bat
  6787 | D:4      | HP: 1/71 [fire bat (7)]
  6788 | D:4      | Slain by a fire bat

Illustrated notes

Levels and vault maps discovered:
D:1:      matt_arrival_los_fun, layout_loops_ring,
          chequers_ecumenical_altar_lobes, serial_forest,
          infiniplex_forest_lined_1, infiniplex_forest_corner_1,
          infiniplex_forest_straight_5, infiniplex_forest_lined_corner,
          minmay_misc_feat_alley
D:2:      layout_loops_corners, uniq_sigmund
D:3:      layout_basic, serial_shops, nicolae_shop_bloodbath_and_beyond,
          cheibrodos_sewer_entry_bend, chequers_big_river
D:4:      layout_basic, mainiacjoe_overflow_big_doors, serial_shops,
          nicolae_shop_advertising_works [nicolae_subvault_shop_adworks]
D:5:      layout_cave_pools, grunt_temple_overflow_growth_and_decay,
          patterned_corridor, uniq_ijyb, uniq_pikel

Skill      XL: |  1  2  3  4  5  6  7  8  9 |
---------------+----------------------------+-----
Stealth        | 1 2 |  2.2
Fighting       | 3 4 10 | 10.4
Unarmed Combat | 4 5 10 | 10.8
Poison Magic   | 2 |  2.2
Transmutations | 9 |  9.3
Dodging        | |  2.0
Spellcasting   | |  2.0

Action                   |  1- 3 |  4- 6 |  7- 9 || total
-------------------------+-------+-------+-------++-------
Melee: Unarmed           |    76 |   111 |    81 ||   268
       Constrict         |    12 |    34 |    18 ||    64
       Tentacles         |    13 |    15 |    19 ||    47
       Kick              |    11 |    29 |    26 ||    66
       Punch             |     2 |     4 |     5 ||    11
 Fire: Shortbow          |       |       |    15 ||    15
 Cast: Beastly Appendage |    21 |    21 |    19 ||    61
       Wereblood         |    13 |    18 |    18 ||    49
  Use: Potion            |     2 |       |     5 ||     7
       Scroll            |       |       |     7 ||     7
 Stab: Sleeping          |     3 |     2 |     1 ||     6
       Petrified         |       |       |     1 ||     1
Armor: Skin              |    10 |     5 |     7 ||    22
Dodge: Dodged            |    52 |    97 |    80 ||   229
